 Dungeon Crawl Stone Soup version 0.21.1-1-g345015fe64 (webtiles) character file.

44 Alderias the Grave Robber (level 3, -2/24 HPs)
             Began as a Mummy Necromancer on Feb 26, 2018.
             Slain by an orc priest
             ... wielding a +0 trident
              (10 damage)
             ... on level 3 of the Dungeon.
             The game lasted 00:06:43 (2205 turns).

Alderias the Grave Robber (Mummy Necromancer)       Turns: 2205, Time: 00:06:43

Health: -2/24      AC:  2    Str: 11    XL:     3   Next: 39%
Magic:  0/8        EV: 12    Int: 15    God:
Gold:   49         SH:  0    Dex: 12    Spells: 8/9 levels left

rFire    x . .     SeeInvis .   (no weapon)
rCold    + . .     Gourm    .   (no shield)
rNeg     + + +     Faith    .   e - +0 robe
rPois    ∞         Spirit   .   (no helmet)
rElec    .         Reflect  .   (no cloak)
rCorr    .         Harm     .   (no gloves)
MR       .....                  (no boots)
Stlth    +.........             (no amulet)
HPRegen  0.08/turn              d - ring of loudness (curse)
MPRegen  0.11/turn              (no ring)

@: very slightly contaminated
A: no food or potions, fire vulnerability, cold resistance 1, negative energy
resistance 3, torment resistance, unbreathing
a: no special abilities


You were on level 3 of the Dungeon.
You were not hungry.

You visited 1 branch of the dungeon, and saw 3 of its levels.

You collected 49 gold pieces.

Inventory:

Armour
 a - a +0 robe
 e - a +0 robe (worn)
 g - a +0 robe
Jewellery
 d - a cursed ring of loudness (left hand)
Scrolls
 c - 2 scrolls of identify {unknown}
 f - a scroll of noise {unknown}
 h - a scroll of remove curse {unknown}
 i - 2 scrolls of enchant weapon {unknown}
Books
 b - a book of Necromancy

   Spells                             Type                      Level
   a - Pain                           Necromancy                   1
   b - Animate Skeleton               Necromancy                   1
   c - Vampiric Draining              Necromancy                   3
   d - Regeneration                   Charms/Necromancy            3
   e - Animate Dead                   Necromancy                   4
   f - Borgnjor's Vile Clutch         Necromancy/Earth             5


   Skills:
 + Level 1.7 Dodging
 + Level 1.8 Stealth
 + Level 3.6 Spellcasting
 + Level 4.6 Necromancy


You had 8 spell levels left.
You knew the following spells:

 Your Spells              Type           Power        Failure   Level  Hunger
a - Pain                  Necr           ###.         2%          1    N/A

Dungeon Overview and Level Annotations

Branches:
Dungeon (3/15)

Altars:


Innate Abilities, Weirdness & Mutations

You do not eat or drink.
Your flesh is vulnerable to fire.
You are immune to poison.
Your flesh is cold resistant. (rC+)
You are immune to negative energy. (rN+++)
You are immune to unholy pain and torment.
You can survive without breathing.


Message History

Aim: an adder (heavily wounded, chance to defeat MR: 81%)
The adder writhes in agony!
The adder bites you. The orc barely misses you. The adder closely misses you.
You miss the adder.
The adder is heavily wounded.
The orc priest looks satisfied for a moment.
The adder barely misses you.
You miss the adder.
The adder is heavily wounded.
The orc barely misses you. The adder closely misses you.
The orc priest casts a cantrip, but nothing happens.
You hit the adder but do no damage.
The adder is heavily wounded.
The adder barely misses you. The orc hits you with a flail!
You hit the adder.
The adder is severely wounded.
The adder closely misses you. The orc closely misses you.
The adder barely misses you.
The orc priest hits you from afar with a trident!
You die...

#.# #†# #.#.# #)#
#.#.# ##.## ...#
#...# ####..###
#...# #.......#
#...#
#S##..#.######...#
#@##..#.##........
#o##..............
#o###.#.##........
##†###.#.#####....#
#....[...# #....#
#.######## #....#
#.# #....# #.#
#.#.## #.# #.....


You could see an orc priest, an adder and an orc.

Vanquished Creatures
  3 dart slugs (D:1)
  A leopard gecko (D:1)
  2 orcs (D:3)
  A bat (D:1)
  5 giant cockroaches
  5 goblins
  3 hobgoblins
  2 jackals (D:3)
  A quokka (D:3)
  2 frilled lizards
  3 kobolds
  2 rats (D:1)
30 creatures vanquished.

Notes
Turn   | Place    | Note
-------+----------+-------------------------------------------
     0 | D:1      | Alderias the Mummy Necromancer began the quest for the Orb.
     0 | D:1      | Reached XP level 1. HP: 13/13 MP: 4/4
   466 | D:1      | Reached XP level 2. HP: 19/19 MP: 3/5
  1953 | D:2      | Reached XP level 3. HP: 24/24 MP: 4/7
  2205 | D:3      | Slain by an orc priest

Skill      XL: |  1  2 |
---------------+-------+-----
Spellcasting   | 3 |  3.6
Dodging        | |  1.7
Stealth        | |  1.8
Necromancy     | |  4.6

Action                   || total
-------------------------++-------
Melee: Unarmed           ||     9
 Cast: Pain              ||    61
  Use: Scroll            ||     2
Armor: Robe              ||     1
Dodge: Dodged            ||    20
